cohdb
Replays
Latest Replays
All Replays
Popular Replays
Top Player Replays
Match Explorer
How It Works
Community
CoH3 Stats
Reddit
Sign in to upload your games and track your stats! →
Sign in with Steam
Match 41375693
Unlisted
Match 41375693
Overview
Messages
Build Orders
End
Panzergrenadier Squad
Selects Panzerjäger Kommand Battlegroup
Selects Mine Fields
250 Light Carrier
Panzergrenadier Squad
Construct Light Support Kompanie
Combat Half-tracks
2.5-tonne Medical Truck
Selects Tank Busters
Fire Support Elements
Vehicle Survival Package
le.IG 18 Mechanized Group
Flakvierling Half-track
Veteran Squad Leaders
Selects Defensive Positions
Construct Mechanized Kompanie
Emergency Repair Kits
254 Reconnaissance Tractor
Assault Mechanized Group
Selects Crew Shock Tactics
Rapid Advance
Construct Panzerarmee Kommand
Pak 38 Anti-tank Gun Team
Pak 38 Anti-tank Gun Team
muta999888
NTR MUST DIE
본부중대장
Gukbae
Cadian Guardsman
Exf
Gravey
Pirex
0
0
Comments
sign in to comment!
No comments posted yet!